 Dungeon Crawl Stone Soup version 0.16-a0-148-g3b84123 (webtiles) character file.

95 Ololoev the Gusty (level 4, -5/24 HPs)
             Began as a Tengu Air Elementalist on Aug 15, 2014.
             Slain by an orc
             ... wielding a +1 whip of electrocution
              (15 damage)
             ... on Level 3 of the Dungeon.
             The game lasted 00:13:01 (2155 turns).

Ololoev the Gusty (Tengu Air Elementalist)          Turns: 2155, Time: 00:13:01

HP  -5/24        AC  2     Str  8      XL: 4   Next: 65%
MP   1/10        EV 12     Int 17      God:
Gold 60          SH  0     Dex 14      Spells:  4 memorised,  1 level left

rFire  . . .     SeeInvis .     f - +2 dagger (drain)
rCold  . . .     Clarity  .     a - +0 robe
rNeg   . . .     rCorr    .     (no shield)
rPois  .         rRot     .     (helmet restricted)
rElec  .         Spirit   .     (no cloak)
SustAb .         Warding  .     (no gloves)
rMut   .         Stasis   .     (boots unavailable)
Gourm  .                        (no amulet)
MR     .....                    (no ring)
                                (no ring)

@: very slightly contaminated, not resistant to hostile enchantments, unstealthy
A: beak, talons 3
a: no special abilities


You were on level 3 of the Dungeon.
You were hungry.

You visited 1 branch of the dungeon, and saw 3 of its levels.

You collected 60 gold pieces.

Inventory:

Hand weapons
 f - a +2 dagger of draining (weapon)
Armour
 a - a +0 robe (worn)
Comestibles
 c - 3 bread rations
 h - 4 fruits
 k - a meat ration
 l - 2 rotting chunks of gnoll flesh
 n - 2 chunks of hobgoblin flesh
Scrolls
 d - a scroll of identify {unknown}
 g - a scroll of recharging {unknown}
 j - 2 scrolls of immolation {unknown}
Potions
 e - 2 potions of curing {unknown}
 i - a potion of lignification {unknown}
 m - 2 potions of cure mutation {unknown}
Books
 b - a book of Air

   Spells                             Type                      Level
   *Shock                             Conjuration/Air              1
   *Swiftness                         Charms/Air                   2
   *Repel Missiles                    Charms/Air                   2
   Flight                             Charms/Air                   3
   *Static Discharge                  Conjuration/Air              3
   Lightning Bolt                     Conjuration/Air              5


   Skills:
 - Level 2.1 Dodging
 - Level 2.0 Stealth
 * Level 3.2 Spellcasting
 + Level 2.8 Conjurations
 + Level 5.2 Air Magic


You had one spell level left.
You knew the following spells:

 Your Spells              Type           Power        Failure   Level  Hunger
a - Shock                 Conj/Air       ###.         3%          1    None
b - Repel Missiles        Chrm/Air       ##....       12%         2    ##.....
c - Swiftness             Chrm/Air       ##......     12%         2    ##.....
d - Static Discharge      Conj/Air       ###.....     12%         3    ###....


Dungeon Overview and Level Annotations

Branches:
Dungeon (3/15)

Altars:
Ashenzari
Dithmenos
Okawaru
Qazlal


Innate Abilities, Weirdness & Mutations

You have a beak for a mouth.
You have claws for feet.


Message History

You are very lightly contaminated with residual magic.
You smell something strange.
You are feeling hungry.
The adder misses you. The orc misses you. The orc completely misses you.
Casting: Static Discharge
Confirm with . or Enter, or press ? or * to list all spells.
The orc is struck by lightning.
The orc is severely wounded.
The lightning arcs!
You are struck by lightning.
The lightning grounds out.
The adder is struck by lightning.
You kill the adder!
The lightning arcs!
You are struck by lightning.
The lightning grounds out.
The orc barely misses you.
A giant newt comes into view.
You barely miss the orc.
The orc is severely wounded.
The orc hits you with a mace! The orc hits you but does no damage.
You are electrocuted!
Ouch! That really hurt!
You die...

############
##.....#.....#
##............=#
#...............
##...............
.###................#
............@........
..#........o%o......#
#.................#
.?.....$...........
..................#
..#...o.#o###.#....
.........# .....
.......l. ....
...#..... ...


You could see 2 orc wizards, 2 orcs and a giant newt (wandering).

Vanquished Creatures
  4 adders
  A gnoll (D:2)
  2 giant geckos (D:1)
  An orc (D:2)
  8 bats
  3 giant cockroaches
  3 goblins
  6 hobgoblins
  A quokka (D:2)
  A ball python (D:1)
  A giant newt (D:2)
  10 kobolds
  7 rats
48 creatures vanquished.

Notes
Turn   | Place    | Note
--------------------------------------------------------------
     0 | D:1      | Ololoev, the Tengu Air Elementalist, began the quest for the Orb.
     0 | D:1      | Reached XP level 1. HP: 10/10 MP: 3/3
   252 | D:1      | Reached XP level 2. HP: 15/15 MP: 3/5
   259 | D:1      | Learned a level 2 spell: Repel Missiles
   263 | D:1      | Learned a level 2 spell: Swiftness
   886 | D:1      | Reached XP level 3. HP: 17/19 MP: 7/7
  1516 | D:2      | Reached skill level 5 in Air Magic
  1652 | D:2      | Found a shadowy altar of Dithmenos.
  1662 | D:2      | Found a stormy altar of Qazlal.
  1733 | D:2      | Found a shattered altar of Ashenzari.
  1747 | D:2      | Reached XP level 4. HP: 22/24 MP: 9/9
  1752 | D:2      | Learned a level 3 spell: Static Discharge
  1831 | D:2      | Found an iron altar of Okawaru.
  2155 | D:3      | Slain by an orc

Action                   |  1- 3 |  4- 6 || total
-------------------------+-------+-------++-------
Melee: Dagger            |    45 |     5 ||    50
       Unarmed           |     1 |       ||     1
 Cast: Shock             |    29 |     7 ||    36
       Repel Missiles    |     1 |     1 ||     2
       Static Discharge  |       |     3 ||     3
  Use: Potion            |     2 |       ||     2
 Stab: Sleeping          |       |     1 ||     1
  Eat: Chunk             |     2 |     2 ||     4
